PAAA
BAKERSFIELD NOBLES @ PLYMOUTH ROCKS
09/27/2033
 
TOP OF THE 1ST
Bakersfield Nobles batting - Pitching for Plymouth Rocks : RHP Zaki Fakhiri
Pitching: RHP Zaki Fakhiri
Batting: RHB Dennis Wacher 0-0: Fly out, F7 (Line Drive, 7S)
Batting: RHB Juan Tellado 0-0: Called Strike
0-1: Swinging Strike
0-2: Fly out, F7 (Flyball, 78D)
Batting: RHB Juan Dávila 0-0: Ball
1-0: Foul Ball, location: 2F
1-1: Called Strike
1-2: Strikes out swinging
Top of the 1st over - 0 runs, 0 hits, 0 errors, 0 left on base; Bakersfield 0 - Plymouth 0
BOTTOM OF THE 1ST
Plymouth Rocks batting - Pitching for Bakersfield Nobles : LHP Eugene Clarkston
Pitching: LHP Eugene Clarkston
Batting: RHB Ernesto Trevino 0-0: Called Strike
0-1: Fly out, F9 (Flyball, 9S)
Batting: RHB Chang-lit Min 0-0: Called Strike
0-1: Ball
1-1: Ball
2-1: Foul Ball, location: 2F
2-2: Ground out 6-3 (Groundball, 6)
Batting: RHB Phil McCroskey 0-0: Ball
1-0: Called Strike
1-1: Foul Ball, location: 2F
1-2: Ball
2-2: Strikes out looking
Bottom of the 1st over - 0 runs, 0 hits, 0 errors, 0 left on base; Bakersfield 0 - Plymouth 0
TOP OF THE 2ND
Bakersfield Nobles batting - Pitching for Plymouth Rocks : RHP Zaki Fakhiri
Batting: SHB Terumoto Kurihara 0-0: Ground out 4-3 (Groundball, 4)
Batting: LHB Melvin Castro 0-0: Foul Ball, location: 2F
0-1: Ball
1-1: Foul Ball, location: 2F
1-2: Ball
2-2: Foul Ball, location: 2F
2-2: Ground out 1-3 (Groundball, 13)
Batting: LHB Hideki Hisanobu 0-0: Ball
1-0: Foul Ball, location: 2F
1-1: SINGLE (Groundball, 3D)
Batting: RHB Omer Yurtseven 0-0: Ball
1-0: SINGLE (Groundball, 5D)
Hideki Hisanobu to second
Batting: RHB Pedro Hernández 0-0: Fielders Choice at 2nd, 6-4 (Groundball, 56)
Top of the 2nd over - 0 runs, 2 hits, 0 errors, 2 left on base; Bakersfield 0 - Plymouth 0
BOTTOM OF THE 2ND
Plymouth Rocks batting - Pitching for Bakersfield Nobles : LHP Eugene Clarkston
Batting: RHB Xi-ku See-to 0-0: Foul Ball, location: 2F
0-1: Ball
1-1: Ball
2-1: Fly out, F7 (Flyball, 78S)
Batting: SHB Javier Vega 0-0: Ball
1-0: Called Strike
1-1: Foul Ball, location: 2F
1-2: Strikes out swinging
Batting: LHB Adrian McCoy 0-0: Ball
1-0: Ball
2-0: Foul Ball, location: 2F
2-1: SINGLE (Groundball, 34D)
Batting: RHB José Santos 0-0: Ball
1-0: Called Strike
1-1: Ball
2-1: SINGLE (Groundball, 34D)
Adrian McCoy to second
Runner from 2nd tries for 3rd, SAFE, throw made to third
Batting: LHB Octávio Ontiveros 0-0: Ball
1-0: Called Strike
1-1: Ball
2-1: Foul Ball, location: 2F
2-2: Ball
3-2: Ground out U3 (Groundball, 3)
Bottom of the 2nd over - 0 runs, 2 hits, 0 errors, 2 left on base; Bakersfield 0 - Plymouth 0
TOP OF THE 3RD
Bakersfield Nobles batting - Pitching for Plymouth Rocks : RHP Zaki Fakhiri
Batting: RHB Yu-shu Kang 0-0: SINGLE (Groundball, 56D)
Batting: RHB Dennis Wacher 0-0: Ball
1-0: Foul Ball, location: 2F
1-1: Ball
2-1: Called Strike
2-2: Fly out, F8 (Flyball, 8LM)
Batting: RHB Juan Tellado 0-0: Called Strike
0-1: Called Strike
0-2: Ball
1-2: Ball
2-2: Ground out 5-3 (Groundball, 5S)
Yu-shu Kang to second
Batting: RHB Juan Dávila 0-0: Ball
1-0: Ground out 1-3 (Groundball, P)
Top of the 3rd over - 0 runs, 1 hit, 0 errors, 1 left on base; Bakersfield 0 - Plymouth 0
BOTTOM OF THE 3RD
Plymouth Rocks batting - Pitching for Bakersfield Nobles : LHP Eugene Clarkston
Batting: LHB Dae-ik Park 0-0: Ball
1-0: Swinging Strike
1-1: Ball
2-1: Ball
3-1: Swinging Strike
3-2: Foul Ball, location: 2F
3-2: Strikes out swinging
Batting: RHB Ernesto Trevino 0-0: Ball
1-0: Ball
2-0: Foul Ball, location: 2F
2-1: Foul Ball, location: 2F
2-2: Fly out, F7 (Flyball, 7S)
Batting: RHB Chang-lit Min 0-0: Ground out 5-3 (Groundball, 56)
Bottom of the 3rd over - 0 runs, 0 hits, 0 errors, 0 left on base; Bakersfield 0 - Plymouth 0
TOP OF THE 4TH
Bakersfield Nobles batting - Pitching for Plymouth Rocks : RHP Zaki Fakhiri
Batting: SHB Terumoto Kurihara 0-0: Foul Ball, location: 2F
0-1: Ball
1-1: Called Strike
1-2: Ball
2-2: Strikes out swinging
Batting: LHB Melvin Castro 0-0: Ball
1-0: Ball
2-0: Ball
3-0: Called Strike
3-1: Base on Balls
Batting: LHB Hideki Hisanobu 0-0: Ball
1-0: Called Strike
1-1: Foul Ball, location: 2F
1-2: Fly out, F8 (Flyball, 8RD)
Batting: RHB Omer Yurtseven 0-0: Fly out, F7 (Flyball, 78M)
Top of the 4th over - 0 runs, 0 hits, 0 errors, 1 left on base; Bakersfield 0 - Plymouth 0
BOTTOM OF THE 4TH
Plymouth Rocks batting - Pitching for Bakersfield Nobles : LHP Eugene Clarkston
Batting: RHB Phil McCroskey 0-0: Ball
1-0: Ball
2-0: Foul Ball, location: 2F
2-1: Foul Ball, location: 2F
2-2: Fly out, F7 (Flyball, 7)
Batting: RHB Xi-ku See-to 0-0: Ball
1-0: Ball
2-0: Foul Ball, location: 2F
2-1: Foul Ball, location: 2F
2-2: Foul Ball, location: 2F
2-2: Ball
3-2: Fly out, F7 (Flyball, 7)
Batting: SHB Javier Vega 0-0: Swinging Strike
0-1: Ball
1-1: Called Strike
1-2: Strikes out swinging
Bottom of the 4th over - 0 runs, 0 hits, 0 errors, 0 left on base; Bakersfield 0 - Plymouth 0
TOP OF THE 5TH
Bakersfield Nobles batting - Pitching for Plymouth Rocks : RHP Zaki Fakhiri
Batting: RHB Pedro Hernández 0-0: Ground out 6-3 (Groundball, 6S)
Batting: RHB Yu-shu Kang 0-0: Called Strike
0-1: Ball
1-1: Fly out, F8 (Flyball, 8RS)
Batting: RHB Dennis Wacher 0-0: Foul Ball, location: 2F
0-1: Ball
1-1: Ball
2-1: Foul Ball, location: 2F
2-2: Ball
3-2: SINGLE (Line Drive, 6MD)
Batting: RHB Juan Tellado 0-0: Fly out, F7 (Flyball, 7LM)
Top of the 5th over - 0 runs, 1 hit, 0 errors, 1 left on base; Bakersfield 0 - Plymouth 0
BOTTOM OF THE 5TH
Plymouth Rocks batting - Pitching for Bakersfield Nobles : LHP Eugene Clarkston
Batting: LHB Adrian McCoy 0-0: Foul Ball, location: 2F
0-1: Ball
1-1: Called Strike
1-2: Strikes out swinging
Pitching: RHP Ralph McKinney
Batting: RHB José Santos 0-0: Called Strike
0-1: SINGLE (Flyball, 9S)
Batting: LHB Octávio Ontiveros 0-0: Swinging Strike
0-1: Ground out 5-3 (Groundball, 56)
José Santos to second
Batting: LHB Dae-ik Park 0-0: Called Strike
0-1: Swinging Strike
0-2: Ground out 4-3 (Groundball, 4D)
Bottom of the 5th over - 0 runs, 1 hit, 0 errors, 1 left on base; Bakersfield 0 - Plymouth 0
TOP OF THE 6TH
Bakersfield Nobles batting - Pitching for Plymouth Rocks : RHP Zaki Fakhiri
Batting: RHB Juan Dávila 0-0: Ball
1-0: Foul Ball, location: 2F
1-1: Reached on error, E6 (Groundball, 6M)
Batting: SHB Terumoto Kurihara 0-0: Called Strike
0-1: Foul Ball, location: 2F
0-2: Ground out U3 (Groundball, 3S)
Juan Dávila to second
Batting: LHB Melvin Castro 0-0: Called Strike
0-1: Ball
1-1: Swinging Strike
1-2: SINGLE (Groundball, 6MD) (infield hit)
Juan Dávila to third
Batting: LHB Hideki Hisanobu 0-0: Called Strike
0-1: Ball
1-1: Foul Ball, location: 2F
1-2: Ball
2-2: Ball
3-2: Foul Ball, location: 2F
3-2: Base on Balls
Melvin Castro to second
Batting: RHB Omer Yurtseven 0-0: Called Strike
0-1: DOUBLE (Line Drive, 9LM)
Juan Dávila scores
Melvin Castro scores
Hideki Hisanobu to third
Runner from 3rd tries for Home, SAFE, no throw
Batting: RHB Pedro Hernández 0-0: Called Strike
0-1: Ground out 5-3 (Groundball, 56)
Batting: RHB Yu-shu Kang 0-0: Ball
1-0: Fly out, F8 (Line Drive, 8LM)
Top of the 6th over - 3 runs, 2 hits, 1 error, 1 left on base; Bakersfield 3 - Plymouth 0
BOTTOM OF THE 6TH
Plymouth Rocks batting - Pitching for Bakersfield Nobles : RHP Ralph McKinney
Batting: RHB Ernesto Trevino 0-0: Ball
1-0: Called Strike
1-1: Swinging Strike
1-2: Strikes out looking
Batting: RHB Chang-lit Min 0-0: Ball
1-0: Foul Ball, location: 2F
1-1: Called Strike
1-2: Foul Ball, location: 2F
1-2: Ball
2-2: Strikes out swinging
Batting: RHB Phil McCroskey 0-0: Fly out, F7 (Line Drive, 7S)
Bottom of the 6th over - 0 runs, 0 hits, 0 errors, 0 left on base; Bakersfield 3 - Plymouth 0
TOP OF THE 7TH
Bakersfield Nobles batting - Pitching for Plymouth Rocks : RHP Zaki Fakhiri
Batting: RHB Dennis Wacher 0-0: Foul Ball, location: 2F
0-1: Ball
1-1: Swinging Strike
1-2: Ball
2-2: Strikes out swinging
Batting: RHB Juan Tellado 0-0: Swinging Strike
0-1: Ball
1-1: Fly out, F1 (Line Drive, 13)
Batting: RHB Juan Dávila 0-0: Ground out 6-3 (Groundball, 6)
Top of the 7th over - 0 runs, 0 hits, 0 errors, 0 left on base; Bakersfield 3 - Plymouth 0
BOTTOM OF THE 7TH
Plymouth Rocks batting - Pitching for Bakersfield Nobles : RHP Ralph McKinney
Batting: RHB Xi-ku See-to 0-0: SINGLE (Groundball, 56) (infield hit)
Batting: SHB Javier Vega 0-0: Swinging Strike
0-1: Ball
1-1: Grounds into double play, 4-6-3 (Groundball, 4)
Batting: LHB Adrian McCoy 0-0: Ball
1-0: Ball
2-0: Called Strike
2-1: Ball
3-1: Foul Ball, location: 2F
3-2: Fly out, F4 (Line Drive, 4MS)
Bottom of the 7th over - 0 runs, 1 hit, 0 errors, 0 left on base; Bakersfield 3 - Plymouth 0
TOP OF THE 8TH
Bakersfield Nobles batting - Pitching for Plymouth Rocks : RHP Zaki Fakhiri
Batting: SHB Terumoto Kurihara 0-0: Called Strike
0-1: Called Strike
0-2: DOUBLE (Line Drive, 9D)
Batting: LHB Melvin Castro 0-0: Intentional Walk
Batting: LHB Hideki Hisanobu 0-0: Ball
1-0: Ball
2-0: Ground out U3 (Groundball, 34S)
Terumoto Kurihara to third
Melvin Castro to second
Batting: RHB Omer Yurtseven 0-0: Intentional Walk
Batting: RHB Pedro Hernández 0-0: Ball
1-0: Ball
2-0: Called Strike
2-1: Foul Ball, location: 2F
2-2: SINGLE (Line Drive, 8LS)
Terumoto Kurihara scores
Melvin Castro to third
Omer Yurtseven to second
Batting: RHB Yu-shu Kang 0-0: Foul Ball, location: 2F
0-1: Ball
1-1: Grounds into fielders choice 4-2 (Groundball, 4)
Omer Yurtseven to third
Pedro Hernández to second
Batting: RHB Dennis Wacher 0-0: Ball
1-0: Foul Ball, location: 2F
1-1: Ball
2-1: Fly out, F7 (Line Drive, 7D)
Top of the 8th over - 1 run, 2 hits, 0 errors, 3 left on base; Bakersfield 4 - Plymouth 0
BOTTOM OF THE 8TH
Plymouth Rocks batting - Pitching for Bakersfield Nobles : RHP Ralph McKinney
Batting: RHB José Santos 0-0: Fly out, F7 (Flyball, 7LS)
Batting: LHB Octávio Ontiveros 0-0: Ball
1-0: Foul Ball, location: 2F
1-1: Ball
2-1: Fly out, F9 (Flyball, 89S)
Batting: LHB Dae-ik Park 0-0: Ball
1-0: Ball
2-0: Called Strike
2-1: Ball
3-1: Foul Ball, location: 2F
3-2: Foul Ball, location: 2F
3-2: Base on Balls
Pitching: RHP Nésto Gago
Batting: RHB Ernesto Trevino 0-0: Ball
1-0: Ball
2-0: Ground out 4-3 (Groundball, 34)
Bottom of the 8th over - 0 runs, 0 hits, 0 errors, 1 left on base; Bakersfield 4 - Plymouth 0
TOP OF THE 9TH
Bakersfield Nobles batting - Pitching for Plymouth Rocks : RHP Zaki Fakhiri
Pitching: LHP Rio Bavin
Batting: RHB Juan Tellado 0-0: Called Strike
0-1: Ball
1-1: Fly out, F4 (Popup, 4S)
Batting: RHB Juan Dávila 0-0: Swinging Strike
0-1: Ball
1-1: Ground out 1-3 (Groundball, 13S)
Batting: SHB Terumoto Kurihara 0-0: Called Strike
0-1: Ball
1-1: Foul Ball, location: 2F
1-2: Foul Ball, location: 2F
1-2: Ball
2-2: Fly out, F6 (Popup, 6M)
Top of the 9th over - 0 runs, 0 hits, 0 errors, 0 left on base; Bakersfield 4 - Plymouth 0
BOTTOM OF THE 9TH
Plymouth Rocks batting - Pitching for Bakersfield Nobles : RHP Nésto Gago
Batting: RHB Chang-lit Min 0-0: Ground out U3 (Groundball, 34S)
Batting: RHB Phil McCroskey 0-0: Foul Ball, location: 2F
0-1: Foul Ball, location: 2F
0-2: Ball
1-2: Ball
2-2: Foul Ball, location: 2F
2-2: Foul Ball, location: 2F
2-2: Ball
3-2: Ground out 6-3 (Groundball, 6)
Batting: RHB Xi-ku See-to 0-0: Fly out, F6 (Popup, 4M)
Bottom of the 9th over - 0 runs, 0 hits, 0 errors, 0 left on base; Bakersfield 4 - Plymouth 0
Saturday, December 22nd, 2018 - OOTP Baseball 18.8 Build 76